| TOP OF THE 1ST |
|
University of Alabama Crimson Tide batting - Pitching for Mississippi State University Bulldogs : RHP Ricky Mendoza
|
|
Pitching: RHP Ricky Mendoza
|
|
|
Batting: RHB Rodrik Gardner
|
0-0: Ball 1-0: Foul Ball, location: 2F 1-1: Ball 2-1: Called Strike 2-2: Foul Ball, location: 2F 2-2: Foul Ball, location: 2F 2-2: Ground out 4-3 (Groundball, 34, EV 79.4 MPH)
|
|
Batting: RHB Juan Araiza
|
0-0: Called Strike 0-1: Ball 1-1: Called Strike 1-2: Ground out 4-3 (Groundball, 4S, EV 68.1 MPH)
|
|
Batting: LHB Danny Schultz
|
0-0: Ball 1-0: Ball 2-0: Called Strike 2-1: SINGLE (Line Drive, 6MD, EV 100.0 MPH)
|
|
Batting: RHB Eric Kilmer
|
0-0: Ball Danny Schultz steals 2nd base 1-0: Called Strike 1-1: Ball 2-1: Reached on error, E4 (Groundball, 4, EV 82.5 MPH) Danny Schultz scores
|
|
Batting: RHB Matt Williams
|
0-0: Ground out 6-3 (Groundball, 56, EV 78.1 MPH)
|
| Top of the 1st over - 1 run, 1 hit, 1 error, 1 left on base; University of Alabama 1 - Mississippi State University 0 |
| BOTTOM OF THE 1ST |
|
Mississippi State University Bulldogs batting - Pitching for University of Alabama Crimson Tide : RHP Mike Sisson
|
|
Pitching: RHP Mike Sisson
|
|
|
Batting: RHB Alexis Gallegos
|
0-0: Foul Ball, location: 2F 0-1: Foul Ball, location: 2F 0-2: Ground out 6-3 (Groundball, 6, EV 89.4 MPH)
|
|
Batting: RHB Alvin Abarca
|
0-0: Ball 1-0: Swinging Strike 1-1: Ball 2-1: Ball 3-1: Fly out, F8 (Flyball, 8LD, EV 105.6 MPH)
|
|
Batting: LHB Danny Shanahan
|
0-0: Ball 1-0: Called Strike 1-1: Called Strike 1-2: Foul Ball, location: 2F 1-2: Strikes out swinging
|
| Bottom of the 1st over - 0 runs, 0 hits, 0 errors, 0 left on base; University of Alabama 1 - Mississippi State University 0 |
| TOP OF THE 2ND |
|
University of Alabama Crimson Tide batting - Pitching for Mississippi State University Bulldogs : RHP Ricky Mendoza
|
|
Batting: RHB Gustavo Delgado
|
0-0: Ball 1-0: Ground out U3 (Groundball, 34S, EV 78.1 MPH)
|
|
Batting: RHB B.J. Clark
|
0-0: Foul Ball, location: 2F 0-1: Called Strike 0-2: Foul Ball, location: 2F 0-2: Strikes out swinging
|
|
Batting: LHB Brian Van
|
0-0: Foul Ball, location: 2F 0-1: Ball 1-1: Foul Ball, location: 2F 1-2: Strikes out looking
|
| Top of the 2nd over - 0 runs, 0 hits, 0 errors, 0 left on base; University of Alabama 1 - Mississippi State University 0 |
| BOTTOM OF THE 2ND |
|
Mississippi State University Bulldogs batting - Pitching for University of Alabama Crimson Tide : RHP Mike Sisson
|
|
Batting: RHB Josh Stene
|
0-0: Ball 1-0: Ball 2-0: Ball 3-0: Called Strike 3-1: Called Strike 3-2: Base on Balls
|
|
Batting: RHB Benjamin Alderdice
|
0-0: Called Strike 0-1: Swinging Strike 0-2: Strikes out swinging
|
|
Batting: LHB Ricardo Ramos
|
0-0: Called Strike 0-1: Swinging Strike 0-2: Ball 1-2: Strikes out swinging
|
|
Batting: RHB Adrian Brown
|
0-0: Called Strike 0-1: Called Strike 0-2: Ground out 6-3 (Groundball, 4MS, EV 85.6 MPH)
|
| Bottom of the 2nd over - 0 runs, 0 hits, 0 errors, 1 left on base; University of Alabama 1 - Mississippi State University 0 |
| TOP OF THE 3RD |
|
University of Alabama Crimson Tide batting - Pitching for Mississippi State University Bulldogs : RHP Ricky Mendoza
|
|
Batting: LHB Edwin Vasquez
|
0-0: Called Strike 0-1: Fly out, F7 (Flyball, 78M, EV 89.4 MPH)
|
|
Batting: RHB Rodrik Gardner
|
0-0: Called Strike 0-1: Ball 1-1: Fly out, F9 (Flyball, 9LSF, EV 87.5 MPH)
|
|
Batting: RHB Juan Araiza
|
0-0: SINGLE (Line Drive, 4D, EV 102.5 MPH)
|
|
Batting: LHB Danny Schultz
|
Pickoff Throw to First - Error! E1 Juan Araiza to second 0-0: SINGLE (Flyball, 34D, EV 82.5 MPH) Juan Araiza to third Runner from 3rd tries for Home, SAFE, throw by RF to home
|
|
Batting: RHB Eric Kilmer
|
0-0: Called Strike Danny Schultz is caught stealing 2nd base 2-4
|
| Top of the 3rd over - 1 run, 2 hits, 1 error, 0 left on base; University of Alabama 2 - Mississippi State University 0 |
| BOTTOM OF THE 3RD |
|
Mississippi State University Bulldogs batting - Pitching for University of Alabama Crimson Tide : RHP Mike Sisson
|
|
Batting: RHB Bill Petipas
|
0-0: Called Strike 0-1: Foul Ball, location: 2F 0-2: Strikes out swinging
|
|
Batting: RHB Oscar Vargas
|
0-0: Called Strike 0-1: Ground out 4-3 (Groundball, 4S, EV 80.0 MPH)
|
|
Batting: RHB Alexis Gallegos
|
0-0: Ball 1-0: Ball 2-0: Ball 3-0: Called Strike 3-1: Foul Ball, location: 2F 3-2: Strikes out swinging
|
| Bottom of the 3rd over - 0 runs, 0 hits, 0 errors, 0 left on base; University of Alabama 2 - Mississippi State University 0 |
| TOP OF THE 4TH |
|
University of Alabama Crimson Tide batting - Pitching for Mississippi State University Bulldogs : RHP Ricky Mendoza
|
|
Batting: RHB Eric Kilmer
|
0-0: Called Strike 0-1: Ball 1-1: Ball 2-1: Called Strike 2-2: Ball 3-2: Ground out 5-3 (Groundball, 56S, EV 73.8 MPH)
|
|
Batting: RHB Matt Williams
|
0-0: Foul Ball, location: 2F 0-1: SOLO HOME RUN (Flyball, 7LD, EV 100.0 MPH), Distance : 376 ft
|
|
Batting: RHB Gustavo Delgado
|
0-0: Ball 1-0: Foul Ball, location: 2F 1-1: Fly out, F8 (Flyball, 8LD, EV 105.6 MPH)
|
|
Batting: RHB B.J. Clark
|
0-0: Foul Ball, location: 2F 0-1: Ball 1-1: Foul Ball, location: 2F 1-2: Foul Ball, location: 2F 1-2: Ball 2-2: Foul Ball, location: 2F 2-2: Foul Ball, location: 2F 2-2: SINGLE (Groundball, 13S, EV 71.9 MPH) (infield hit)
|
|
Batting: LHB Brian Van
|
0-0: Called Strike B.J. Clark steals 2nd base 0-1: Swinging Strike 0-2: Ball 1-2: Fly out, F9 (Flyball, 9, EV 88.1 MPH)
|
| Top of the 4th over - 1 run, 2 hits, 0 errors, 1 left on base; University of Alabama 3 - Mississippi State University 0 |
| BOTTOM OF THE 4TH |
|
Mississippi State University Bulldogs batting - Pitching for University of Alabama Crimson Tide : RHP Mike Sisson
|
|
Batting: RHB Alvin Abarca
|
0-0: Ball 1-0: Ball 2-0: Foul Ball, location: 2F 2-1: Fly out, F8 (Flyball, 89M, EV 91.9 MPH)
|
|
Batting: LHB Danny Shanahan
|
0-0: Hit by Pitch
|
|
Batting: RHB Josh Stene
|
0-0: Ball 1-0: Called Strike 1-1: Ball 2-1: SINGLE (Groundball, 34, EV 110.0 MPH) (infield hit) Danny Shanahan to second
|
|
Batting: RHB Benjamin Alderdice
|
0-0: Ball 1-0: Called Strike 1-1: Fielders Choice at 2nd, 3-6 (Groundball, 13, EV 81.2 MPH) Danny Shanahan to third
|
|
Batting: LHB Ricardo Ramos
|
0-0: Ball 1-0: Called Strike 1-1: Ball 2-1: Ground out 4-3 (Groundball, 4, EV 87.5 MPH)
|
| Bottom of the 4th over - 0 runs, 1 hit, 0 errors, 2 left on base; University of Alabama 3 - Mississippi State University 0 |
| TOP OF THE 5TH |
|
University of Alabama Crimson Tide batting - Pitching for Mississippi State University Bulldogs : RHP Ricky Mendoza
|
|
Batting: LHB Edwin Vasquez
|
0-0: Ball 1-0: Ball 2-0: Ball 3-0: Called Strike 3-1: Base on Balls
|
|
Batting: RHB Rodrik Gardner
|
0-0: Ball 1-0: Swinging Strike 1-1: Foul Ball, location: 2F 1-2: Foul Ball, location: 2F 1-2: Fielders Choice at 2nd, 3-6 (Groundball, 3, EV 94.4 MPH)
|
|
Batting: RHB Juan Araiza
|
0-0: Called Strike Rodrik Gardner steals 2nd, throwing error, E2 Rodrik Gardner to third 0-1: Ball 1-1: Ball 2-1: Called Strike 2-2: Ground out 4-3 (Groundball, 4S, EV 83.8 MPH)
|
|
Batting: LHB Danny Schultz
|
0-0: Ball 1-0: Ball 2-0: Called Strike 2-1: Fly out, F7 (Flyball, 7D, EV 97.5 MPH)
|
| Top of the 5th over - 0 runs, 0 hits, 1 error, 1 left on base; University of Alabama 3 - Mississippi State University 0 |
| BOTTOM OF THE 5TH |
|
Mississippi State University Bulldogs batting - Pitching for University of Alabama Crimson Tide : RHP Mike Sisson
|
|
Batting: RHB Adrian Brown
|
0-0: Ball 1-0: Called Strike 1-1: Swinging Strike 1-2: Strikes out swinging
|
|
Batting: RHB Bill Petipas
|
0-0: Ground out U3 (Groundball, 34, EV 84.4 MPH)
|
|
Batting: RHB Oscar Vargas
|
0-0: Swinging Strike 0-1: Ball 1-1: Foul Ball, location: 2F 1-2: Strikes out swinging
|
| Bottom of the 5th over - 0 runs, 0 hits, 0 errors, 0 left on base; University of Alabama 3 - Mississippi State University 0 |
| TOP OF THE 6TH |
|
University of Alabama Crimson Tide batting - Pitching for Mississippi State University Bulldogs : RHP Ricky Mendoza
|
|
Batting: RHB Eric Kilmer
|
0-0: Ground out 6-3 (Groundball, 6, EV 103.8 MPH)
|
|
Batting: RHB Matt Williams
|
0-0: Ball 1-0: Ball 2-0: Ball 3-0: Called Strike 3-1: Base on Balls
|
|
Batting: RHB Gustavo Delgado
|
0-0: Called Strike Matt Williams steals 2nd base 0-1: Ball 1-1: Foul Ball, location: 2F 1-2: Foul Ball, location: 2F 1-2: Foul Ball, location: 2F 1-2: Ball 2-2: Strikes out swinging, 2-3 out at first.
|
|
Batting: RHB B.J. Clark
|
0-0: DOUBLE (Line Drive, 89D, EV 110.0 MPH) Matt Williams scores
|
|
Batting: LHB Brian Van
|
0-0: Ball B.J. Clark steals 3rd base 1-0: Ball 2-0: DOUBLE (Line Drive, 9LD, EV 98.8 MPH) B.J. Clark scores
|
|
Batting: LHB Edwin Vasquez
|
0-0: Ball 1-0: Ball 2-0: Ground out 4-3 (Groundball, 4, EV 85.0 MPH)
|
| Top of the 6th over - 2 runs, 2 hits, 0 errors, 1 left on base; University of Alabama 5 - Mississippi State University 0 |
| BOTTOM OF THE 6TH |
|
Mississippi State University Bulldogs batting - Pitching for University of Alabama Crimson Tide : RHP Mike Sisson
|
|
Batting: RHB Alexis Gallegos
|
0-0: Foul Ball, location: 2F 0-1: Foul Ball, location: 2F 0-2: Ball 1-2: Fly out, F9 (Flyball, 89D, EV 110.0 MPH)
|
|
Batting: RHB Alvin Abarca
|
0-0: Ball 1-0: Ground out U3 (Groundball, 34S, EV 92.5 MPH)
|
|
Batting: LHB Danny Shanahan
|
0-0: Ground out 4-3 (Groundball, 4, EV 95.0 MPH)
|
| Bottom of the 6th over - 0 runs, 0 hits, 0 errors, 0 left on base; University of Alabama 5 - Mississippi State University 0 |
| TOP OF THE 7TH |
|
University of Alabama Crimson Tide batting - Pitching for Mississippi State University Bulldogs : RHP Ricky Mendoza
|
|
Batting: RHB Rodrik Gardner
|
0-0: Ball 1-0: Ground out 5-3 (Groundball, 56, EV 101.2 MPH)
|
|
Batting: RHB Juan Araiza
|
0-0: Ball 1-0: Foul Ball, location: 2F 1-1: Swinging Strike 1-2: Strikes out swinging
|
|
Batting: LHB Danny Schultz
|
0-0: Ground out 5-3 (Groundball, 5, EV 95.0 MPH)
|
| Top of the 7th over - 0 runs, 0 hits, 0 errors, 0 left on base; University of Alabama 5 - Mississippi State University 0 |
| BOTTOM OF THE 7TH |
|
Mississippi State University Bulldogs batting - Pitching for University of Alabama Crimson Tide : RHP Mike Sisson
|
|
Batting: RHB Josh Stene
|
0-0: Ball 1-0: Swinging Strike 1-1: Ball 2-1: Fly out, F8 (Flyball, 8LD, EV 104.4 MPH)
|
|
Pitching: LHP Don Rodgers
|
|
|
Batting: RHB Benjamin Alderdice
|
0-0: Foul Ball, location: 2F 0-1: Ball 1-1: SINGLE (Flyball, 6D, EV 90.6 MPH)
|
|
Batting: LHB Ricardo Ramos
|
0-0: Called Strike 0-1: Foul Ball, location: 2F 0-2: Strikes out swinging
|
|
Batting: RHB Adrian Brown
|
0-0: Ball 1-0: Called Strike 1-1: Swinging Strike 1-2: Ball 2-2: Foul Ball, location: 2F 2-2: Ball 3-2: Strikes out swinging
|
| Bottom of the 7th over - 0 runs, 1 hit, 0 errors, 1 left on base; University of Alabama 5 - Mississippi State University 0 |
| TOP OF THE 8TH |
|
University of Alabama Crimson Tide batting - Pitching for Mississippi State University Bulldogs : RHP Ricky Mendoza
|
|
Batting: RHB Eric Kilmer
|
0-0: Ball 1-0: Ball 2-0: Ball 3-0: Base on Balls
|
|
Batting: RHB Matt Williams
|
0-0: Called Strike 0-1: Foul Ball, location: 2F 0-2: Foul Ball, location: 2F 0-2: Ball 1-2: Fielders Choice at 2nd, 2-4 (Groundball, 15S, EV 67.5 MPH)
|
|
Batting: RHB Gustavo Delgado
|
0-0: Ball Matt Williams steals 2nd base 1-0: Ball 2-0: Ball 3-0: Called Strike 3-1: Called Strike 3-2: Base on Balls
|
|
Pitching: RHP Fernando Montoya
|
|
|
Pinch Hitting: LHB Dallas Shaw
|
0-0: Foul Ball, location: 2F 0-1: Ball 1-1: Called Strike 1-2: Ball 2-2: Ball 3-2: Base on Balls Matt Williams to third Gustavo Delgado to second
|
|
Batting: LHB Brian Van
|
0-0: Swinging Strike 0-1: Fly out, F8 (Line Drive, 8LS, EV 92.5 MPH) Runner from 3rd tags up, SCORES, throw by CF
|
|
Batting: LHB Edwin Vasquez
|
0-0: Fielders Choice at 2nd, 5-4 (Groundball, 5, EV 81.9 MPH)
|
| Top of the 8th over - 1 run, 0 hits, 0 errors, 2 left on base; University of Alabama 6 - Mississippi State University 0 |
| BOTTOM OF THE 8TH |
|
Mississippi State University Bulldogs batting - Pitching for University of Alabama Crimson Tide : LHP Don Rodgers
|
|
Now at SS: Hughie Withers
|
|
|
Batting: RHB Bill Petipas
|
0-0: Called Strike 0-1: Ball 1-1: Ground out U3 (Groundball, 13, EV 81.2 MPH)
|
|
Batting: RHB Oscar Vargas
|
0-0: Ball 1-0: Ball 2-0: Foul Ball, location: 2F 2-1: Foul Ball, location: 2F 2-2: Ground out 4-3 (Groundball, 4, EV 85.0 MPH)
|
|
Batting: RHB Alexis Gallegos
|
0-0: Swinging Strike 0-1: Ball 1-1: Ground out 5-3 (Groundball, 56, EV 85.6 MPH)
|
| Bottom of the 8th over - 0 runs, 0 hits, 0 errors, 0 left on base; University of Alabama 6 - Mississippi State University 0 |
| TOP OF THE 9TH |
|
University of Alabama Crimson Tide batting - Pitching for Mississippi State University Bulldogs : RHP Fernando Montoya
|
|
Pinch Hitting: LHB Matt Barkley
|
0-0: Foul Ball, location: 2F 0-1: Ball 1-1: Fly out, F7 (Flyball, 78S, EV 85.0 MPH)
|
|
Batting: RHB Fernando Reyes
|
0-0: Foul Ball, location: 2F 0-1: Foul Ball, location: 2F 0-2: Ball 1-2: Strikes out swinging
|
|
Batting: LHB Danny Schultz
|
0-0: Ball 1-0: Ball 2-0: Called Strike 2-1: Foul Ball, location: 2F 2-2: Ball 3-2: Foul Ball, location: 2F 3-2: Base on Balls
|
|
Pinch Hitting: LHB Adam Antico
|
0-0: Called Strike 0-1: Ball 1-1: Ball 2-1: Reached on error, E4 (Groundball, 4, EV 85.0 MPH) Danny Schultz to second
|
|
Batting: RHB Matt Williams
|
0-0: Foul Ball, location: 2F 0-1: Foul Ball, location: 2F 0-2: Strikes out looking
|
| Top of the 9th over - 0 runs, 0 hits, 1 error, 2 left on base; University of Alabama 6 - Mississippi State University 0 |
| BOTTOM OF THE 9TH |
|
Mississippi State University Bulldogs batting - Pitching for University of Alabama Crimson Tide : LHP Don Rodgers
|
|
Now at C: Larry Brown
|
|
|
Now at 2B: Tony Vasquez
|
|
|
Batting: RHB Alvin Abarca
|
0-0: Swinging Strike 0-1: Called Strike 0-2: Ball 1-2: Strikes out swinging
|
|
Batting: LHB Danny Shanahan
|
0-0: Called Strike 0-1: Called Strike 0-2: Strikes out looking
|
|
Batting: RHB Josh Stene
|
0-0: Ball 1-0: Called Strike 1-1: Ball 2-1: Ball 3-1: Fly out, F7 (Line Drive, 7LM, EV 96.2 MPH)
|
| Bottom of the 9th over - 0 runs, 0 hits, 0 errors, 0 left on base; University of Alabama 6 - Mississippi State University 0 |
|